 Dungeon Crawl Stone Soup version 0.30.1-3-gfc49f6343a (webtiles) character file.

Game seed: 13844084643659037376

303 cheesebisquit the Chopper (level 6, -3/55 HPs)
             Began as a Hill Orc Fighter on July 18, 2023.
             Slain by an ogre
             ... wielding a +0 giant club
              (24 damage)
             ... on level 3 of the Dungeon.
             The game lasted 00:06:17 (2458 turns).

cheesebisquit the Chopper (Hill Orc Fighter)        Turns: 2458, Time: 00:06:18

Health: -3/55      AC:  8    Str: 19    XL:     6   Next: 38%
Magic:  6/6        EV:  9    Int: 10    God:
Gold:   119        SH:  4    Dex: 10    Spells: 5/5 levels left

rFire   . . .        a - +0 war axe
rCold   . . .        c - +0 buckler
rNeg    . . .        b - +0 scale mail
rPois   .            p - +0 helmet
rElec   .            (no cloak)
rCorr   .            (no gloves)
SInv    .            (no boots)
Will    +....        (no amulet) Stlth
                     g - ring of willpower
HPRegen 0.29/turn    (no ring)
MPRegen 0.10/turn

%: no passive effects
@: mighty
A: no striking features
a: no special abilities


You were on level 3 of the Dungeon.
You visited 1 branch of the dungeon, and saw 4 of its levels.

You collected 119 gold pieces.

Inventory:

Hand Weapons
 a - a +0 war axe (weapon)
Armour
 b - a +0 scale mail (worn)
 c - a +0 buckler (worn)
 p - a +0 helmet (worn)
Jewellery
 g - a ring of willpower (left hand)
Wands
 m - a wand of roots (14) (quivered)
Scrolls
 d - 2 scrolls of identify {unknown}
 h - a scroll of amnesia {unknown}
 i - a scroll of fear {unknown}
 j - a scroll of blinking {unknown}
 k - a scroll of immolation {unknown}
 n - a scroll of magic mapping {unknown}
 q - a scroll of enchant armour {unknown}
Potions
 e - a potion of cancellation {unknown}
 f - 5 potions of heal wounds {unknown}
 l - 3 potions of curing {unknown}
 o - a potion of might
 r - a potion of attraction {unknown}
 s - a potion of ambrosia {unknown}


   Skills:
 + Level 4.9 Fighting
 * Level 5.8 Axes
 + Level 4.4 Armour
 + Level 4.5 Shields


You had 5 spell levels left.
You didn't know any spells.
Your spell library contained the following spells:

 Spells                   Type           Power      Damage    Failure   Level
 Volatile Blastmotes      Fire/Tloc      0%         2d10      99%         3
 Fulminant Prism          Conj/Hex       0%         3d5       100%        4
 Iskenderun's Mystic Bla  Conj/Tloc      0%         2d3       100%        4
 Lee's Rapid Deconstruct  Erth           0%         3d4*      100%        5


Dungeon Overview and Level Annotations

Branches:
Dungeon (4/15)
 Temple: D:4-7

Altars:
The Shining One

Shops:
D:1 [

Annotations:
D:3 1 runed translucent door, nroviw's ghost, amateur DsIE


Message History

Moving in this stuff is going to be slow.
You enter the shallow water.
Moving in this stuff is going to be slow.
There is a stone staircase leading down here.
Found a chain mail.
Nroviw's ghost turns its malevolent gaze towards you.
Done exploring.
Done exploring.
There is a stone staircase leading down here.
You climb downwards.
You hear the hiss of flowing sand.
There is an entrance to an ossuary on this level.
Hurry and find it before the portal is buried!
The ogre shouts!
The kobold shouts!
You hear a shout!
Found a scroll labelled QUNOBY UQEH.
There is a stone staircase leading up here.
Okay, then.
The kobold throws a stone.
The stone barely misses you.
You hear a distant slurping noise.
The ogre hits you but does no damage.
You climb upwards.
Level annotation: 1 runed translucent door, nroviw's ghost, amateur DsIE
There is a stone staircase leading down here.
You hit the ogre but do no damage. You hit the ogre but do no damage.
The ogre closely misses you.
You hit the ogre but do no damage.
The ogre hits you with a +0 giant club!!
You hit the ogre.
The ogre is lightly wounded.
The ogre hits you but does no damage.
You barely miss the ogre.
The ogre is lightly wounded.
The ogre closely misses you.
You barely miss the ogre.
The ogre is lightly wounded.
The ogre hits you with a +0 giant club!
You feel very mighty all of a sudden.
You slash the ogre!
The ogre is moderately wounded.
The ogre hits you with a +0 giant club!!
You die...

##### #...# #####
###...### #...#
######....O..# ..#.#
#.........@..# #...#
#.####......<# ##.##
#.#####....###
#.####..........#
#...............#
#######.#####.#..######
........# #....รท)...#
....##..# #....####.#
###.##.## #.#.## #.#


You could see an ogre.

Vanquished Creatures
  Sigmund (D:2)
  Jessica (D:2)
  Ijyb (D:3)
  3 adders
  A white imp (D:3)
  A worm (D:2)
  3 dart slugs
  4 endoplasms
  2 giant cockroaches
  5 goblins
  7 hobgoblins
  5 kobolds
  A quokka (D:1)
  6 ball pythons
  4 bats
  2 frilled lizards
  A goblin skeleton (D:3)
  3 hobgoblin zombies (D:3)
  A kobold skeleton (D:3)
  2 orc skeletons (D:3)
  2 orc zombies (D:3)
  3 rats
59 creatures vanquished.

Notes
Turn   | Place    | Note
-------+----------+-------------------------------------------
     0 | D:1      | cheesebisquit the Hill Orc Fighter began the quest for the
                  | Orb.
     0 | D:1      | Reached XP level 1. HP: 19/19 MP: 1/1
   153 | D:1      | Reached skill level 3 in Axes
   178 | D:1      | Reached XP level 2. HP: 20/27 MP: 2/2
   251 | D:1      | Found Daunwelu's Armour Emporium.
   693 | D:1      | Reached XP level 3. HP: 28/33 MP: 3/3
   832 | D:2      | Reached skill level 4 in Axes
  1015 | D:2      | Reached XP level 4. HP: 30/40 MP: 4/4
  1062 | D:2      | Noticed Sigmund
  1071 | D:2      | Killed Sigmund
  1072 | D:2      | Reached skill level 5 in Axes
  1072 | D:2      | Reached XP level 5. HP: 33/47 MP: 5/5
  1189 | D:2      | Noticed Jessica
  1194 | D:2      | Killed Jessica
  1195 | D:2      | Reached XP level 6. HP: 55/55 MP: 6/6
  1669 | D:3      | Noticed Ijyb
  1678 | D:3      | Killed Ijyb
  1745 | D:3      | Found a glowing golden altar of the Shining One.
  2051 | D:3      | Found a runed translucent door.
  2430 | D:3      | Noticed nroviw's ghost (amateur DsIE)
  2458 | D:3      | Slain by an ogre

Illustrated notes

Levels and vault maps discovered:
D:1:      psy_arrival_fountain, layout_loops_ring, serial_shops, shop,
          minmay_ruptured
D:2:      layout_basic, hex_large, minivault_14, nicolae_figureground_pulse,
          uniq_sigmund, uniq_jessica
D:3:      layout_loops_ring, nicolae_tso_besieged_by_evil,
          gammafunk_ghost_grave, serial_bayou, serial_bayou_crossing,
          serial_bayou_pond_e, serial_bayou_shore_b, serial_bayou_lagoon_a,
          uniq_ijyb
D:4:      layout_rooms, mainiacjoe_overflow_24_doors,
          nicolae_ossuary_entry_false_entrances,
          amcnicky_mini_rare_corridor_liquid, uniq_edmund, uniq_natasha

Skill      XL: |  1  2  3  4 |
---------------+-------------+-----
Axes           | 3 4 5 |  5.8
Fighting       | 4 |  4.9
Armour         | 4 |  4.4
Shields        | 4 |  4.5

Action                     |  1- 3 |  4- 6 || total
---------------------------+-------+-------++-------
  Melee: War axe           |    94 |    82 ||   176
    Use: Potion            |       |     2 ||     2
 Armour: Scale mail        |    48 |    35 ||    83
  Dodge: Dodged            |    37 |    34 ||    71
  Block: Buckler           |    33 |    10 ||    43
